 Dungeon Crawl Stone Soup version 0.28.0-45-g0d030f2227 (webtiles) character file.

Game seed: 16642450942204674416

350 zeratav the Insei (level 6, -8/42 HPs)
             Began as an Octopode Transmuter on Apr 5, 2022.
             Killed from afar by an orc wizard (11 damage)
             ... with a puff of flame
             ... on level 3 of the Dungeon.
             The game lasted 00:08:15 (2912 turns).

zeratav the Insei (Octopode Transmuter)             Turns: 2912, Time: 00:08:16

Health: -8/42      AC:  1    Str: 11    XL:     6   Next: 60%
Magic:  10/10      EV: 13    Int: 15    God:
Gold:   129        SH:  0    Dex: 13    Spells: 9/10 levels left

rFire   . . .      SeeInvis .     - Unarmed
rCold   + . .      Faith    .   (no shield)
rNeg    + . .      Spirit   .   (helmet restricted)
rPois   .          Reflect  .   (no amulet)
rElec   .          Harm     .   d - ring of protection from cold
rCorr   .          Rampage  .   g - ring of positive energy
Will    .....                   (no ring)
Stlth   ++........              (no ring)
HPRegen 0.14/turn               (no ring)
MPRegen 0.12/turn               (no ring)
                                (no ring)
                                (no ring)

@: confused
A: almost no armour, amphibious, 8 rings, camouflage 1, gelatinous body 1,
(nimble swimmer 1), tentacles
a: no special abilities


You were on level 3 of the Dungeon.
You visited 1 branch of the dungeon, and saw 3 of its levels.

You collected 129 gold pieces.

Inventory:

Missiles
 e - 4 poisoned darts
Jewellery
 d - a ring of protection from cold (left tentacle)
 g - a ring of positive energy (right tentacle)
 k - a ring of fire
Scrolls
 b - a scroll of enchant weapon {unknown}
 f - 4 scrolls of identify {unknown}
 h - a scroll of summoning {unknown}
 j - a scroll of fog {unknown}
Potions
 a - a potion of attraction {unknown}
 c - 2 potions of heal wounds {unknown}
 i - a potion of magic {unknown}
 l - 3 potions of might {unknown}


   Skills:
 * Level 3.5 Fighting
 + Level 3.0 Dodging
 * Level 4.5 Unarmed Combat
 + Level 2.9 Spellcasting
 + Level 3.0 Transmutations


You had 9 spell levels left.
You knew the following spells:

 Your Spells              Type           Power      Damage    Failure   Level
a - Beastly Appendage     Tmut           22%        N/A       6%          1

Your spell library contained the following spells:

 Spells                   Type           Power      Damage    Failure   Level
 Wereblood                Tmut           11%        N/A       9%          2
 Spider Form              Tmut/Pois      6%         N/A       32%         3
 Ice Form                 Ice/Tmut       6%         N/A       71%         4


Dungeon Overview and Level Annotations

Branches:
Dungeon (3/15)

Altars:


Innate Abilities, Weirdness & Mutations

You cannot wear most types of armour.
You are amphibious.
You can wear up to eight rings at the same time.
Your skin changes colour to match your surroundings (Stealth+).
Your rubbery body absorbs attacks. (AC +1, EV +1)
((You are camouflaged when in or above water. (Stealth+)))
You have tentacles for arms and can constrict up to eight enemies at once.


Message History

You kill the orc!
Your transformation is almost over.
The kobold throws a stone.
You barely miss something.
Your tentacle spike misses something.
You squeeze something. Something hits you.
You barely miss something.
The kobold throws a stone.
The stone misses you.
You hear some strange, mumbled words.
You are confused.
You miss something.
Your tentacle spike misses something.
Your squeeze misses something.
The kobold throws a stone.
The stone hits you. Something hits you. Something completely misses you.
Something hits you. Something hits you.
You barely miss the kobold.
You pierce the kobold.
You kill the kobold!
Something hits you.
You closely miss something. Your squeeze misses something.
Your tentacle spike disappears.
Something hits you.
You feel less confused. Something hits you. Something barely misses you.
You barely miss something. Something hits you.
You tentacle-slap something.
You hear some strange, mumbled words.
You are confused.
Something completely misses you.
A magic dart appears from out of thin air!
The magic dart hits you!
There is an open door here.
You hear some strange, mumbled words.
A puff of flame appears from out of thin air!
The puff of flame hits you!
* * * LOW HITPOINT WARNING * * *
You completely miss something.
You hear some strange, mumbled words.
A puff of flame appears from out of thin air!
The puff of flame hits you!
You die...

.# #.......##...## .#
##.###.##.....## .# #..
#.#.......# .#
##.##.#.......# .#
..#)#.......# .#
#.#.##.....## .#
###>#.###...##
'#####...#...##'#######+#
#
.†...#.....#....@........
.
.....#.....#....{..[.....
.....#.....#...).........
.....#.....####)#######+#
.....#...#.# #...
'#########.##.....
..†.######.#.......
.)..##.....#.......#
....##.....#...?...#


There were no monsters in sight!

Vanquished Creatures
  Sigmund (D:2)
  An ogre (D:3)
  An orc wizard (D:3)
  2 adders (D:2)
  A worm (D:2)
  7 orcs (D:3)
  5 endoplasms
  6 giant cockroaches
  7 hobgoblins
  5 quokkas
  6 ball pythons
  6 bats
  3 frilled lizards
  3 goblins
  5 kobolds
  7 rats
66 creatures vanquished.

Notes
Turn   | Place    | Note
-------+----------+-------------------------------------------
     0 | D:1      | zeratav the Octopode Transmuter began the quest for the
                  | Orb.
     0 | D:1      | Reached XP level 1. HP: 13/13 MP: 3/3
   287 | D:1      | Reached XP level 2. HP: 14/18 MP: 3/5
   689 | D:2      | Reached XP level 3. HP: 18/23 MP: 4/6
  1652 | D:2      | Reached XP level 4. HP: 29/29 MP: 7/7
  1660 | D:2      | Found a faded altar of an unknown god.
  1722 | D:2      | Noticed Sigmund
  1731 | D:2      | Killed Sigmund
  1732 | D:2      | Reached skill level 4 in Unarmed Combat
  1732 | D:2      | Reached XP level 5. HP: 28/36 MP: 6/9
  1931 | D:3      | Noticed an ogre
  1941 | D:3      | Killed an ogre
  1942 | D:3      | Reached XP level 6. HP: 24/42 MP: 10/10
  2912 | D:3      | Killed from afar by an orc wizard

Illustrated notes

Levels and vault maps discovered:
D:1:      dpeg_arrival_tiny_d, layout_rooms, amcnicky_mini_rare_corridor_liquid
D:2:      layout_basic, serial_rivers, chequers_serial_rivers_large_a,
          chequers_serial_rivers_large_b, chequers_serial_rivers_micro_e,
          chequers_serial_rivers_marsh, chequers_serial_rivers_small_b,
          chequers_ecumenical_altar_simple, uniq_sigmund
D:3:      kennysheep_six_static_rooms, layout_basic, kennysheep_cross_bottleneck

Skill      XL: |  1  2  3  4  5  6 |
---------------+-------------------+-----
Fighting       | 2 3 |  3.5
Unarmed Combat | 4 |  4.5
Transmutations | 3 |  3.0
Dodging        | 3 |  3.0
Spellcasting   | |  2.9

Action                   |  1- 3 |  4- 6 || total
-------------------------+-------+-------++-------
Melee: Unarmed           |    73 |    64 ||   137
       Constrict         |    17 |    13 ||    30
       Kick              |    14 |    25 ||    39
       Tentacles         |    11 |     9 ||    20
       Punch             |     3 |     4 ||     7
 Cast: Beastly Appendage |    26 |    19 ||    45
 Stab: Sleeping          |     4 |     3 ||     7
Armor: Skin              |     8 |     2 ||    10
Dodge: Dodged            |    48 |    28 ||    76
